Map: Orbital Shipyard

Players

Bop - Winner!

  • Race: Zerg Zerg

CaliSto

  • Race: Zerg Zerg

VOD

Have the link to the VOD?

Description

Time

  • Played on: May 4, 2015, 4:20 a.m.
  • Length: 12:50
Show
View Real Time Build Order
Export as new Build Order

Bop Zerg - Winner!

Build Orders: Hatch First, Lurkers 

Get SALT Encoding   

  12  0:00  Drone  
  13  0:13  Overlord  
  14  0:21  Drone  
  14  0:32  Drone x2  
  14  0:35  Drone  
  17  0:54  Hatchery  
  16  1:01  Drone x2  
  18  1:08  Drone  
  19  1:13  Extractor  
  18  1:20  Drone  
  18  1:21  Spawning Pool  
  18  1:31  Drone  
  19  1:39  Drone  
  20  1:51  Overlord  
  20  2:07  Queen  
  20  2:08  Queen  
  22  2:11  Zergling x4  
  22  2:13  Metabolic Boost  
  26  2:15  Drone  
  26  2:20  Drone  
  28  2:24  Drone  
  29  2:32  Drone  
  29  2:35  Baneling Nest  
  29  2:38  Drone  
  29  2:39  Drone  
  31  2:44  Overlord  
  31  2:50  Drone  
  32  2:53  Queen  
  32  2:55  Drone  
  35  3:00  Drone  
  36  3:09  Drone  
  36  3:11  Lair  
  37  3:14  Drone  
  37  3:17  Drone  
  37  3:18  Drone x5  
  44  3:23  Overlord  
  44  3:27  Overlord  
  44  3:35  Extractor  
  44  3:38  Extractor  
  44  3:39  Overlord  
  44  3:41  Zergling x8  
  46  3:53  Drone x4  
  46  3:54  Drone x2  
  52  3:58  Overlord  
  52  4:01  Baneling x2  
  52  4:02  Baneling x4  
  52  4:06  Zergling x8  
  56  4:14  Zergling x2  
  57  4:20  Overlord  
  57  4:25  Zergling x8  
  58  4:36  Zergling x2  
  58  4:37  Zergling x10  
  48  4:50  Drone x2, Hydralisk Den  
  49  5:03  Drone x3  
  49  5:04  Lurker Den  
  52  5:11  Extractor  
  51  5:17  Drone x2  
  53  5:23  Drone  
  53  5:24  Drone x2  
  53  5:25  Drone x2  
  58  5:30  Overlord  
  58  5:34  Drone  
  59  5:35  Drone x2  
  59  5:36  Drone  
  59  5:40  Overlord  
  62  5:50  Hatchery  
  62  5:51  Hydralisk x3  
  62  5:54  Overseer  
  67  6:01  Overseer  
  67  6:03  Hydralisk x3  
  67  6:04  Hydralisk x2  
  77  6:28  Infestation Pit  
  77  6:32  Lurker x2  
  78  6:34  Lurker  
  78  6:35  Lurker  
  78  6:37  Drone x9  
  78  6:39  Overlord  
  89  6:42  Queen  
  93  6:48  Overseer  
  93  6:50  Overlord  
  91  6:57  Lurker  
  91  6:58  Lurker  
  91  7:00  Drone x10  
  103  7:02  Extractor  
  103  7:05  Extractor  
  101  7:09  Overlord  
  101  7:12  Hive  
  101  7:19  Overseer  
  101  7:22  Queen  
  101  7:24  Drone x5  
  108  7:39  Burrow  
  108  7:41  Overlord  
  108  7:42  Drone x2  
  108  7:44  Evolution Chamber  
  109  7:53  Lurker  
  109  7:54  Lurker  
  109  7:56  Zergling x20  
  121  8:00  Overlord x2  
  121  8:14  Overlord  
  121  8:23  Hatchery  
  121  8:24  Overseer  
  120  8:27  Zerg Melee Weapons Level 1  
  120  8:29  Ultralisk Cavern  
  119  8:41  Spine Crawler, Extractor  
  118  8:43  Spine Crawler, Extractor  
  115  9:01  Overlord  
  115  9:09  Drone x4  
  114  9:10  Drone x2  
  115  9:18  Ultralisk x6  
  151  9:26  Zergling x22  
  162  9:33  Overlord x2  
  162  9:38  Spore Crawler  
  161  9:46  Overlord  
  161  9:48  Overlord x2  
  153  9:56  Spore Crawler  
  153  9:57  Spore Crawler, Viper x3  
  159  10:04  Adrenal Glands  
  149  10:10  Viper  
  149  10:13  Zergling x14  
  149  10:14  Zergling x4  
  145  10:22  Hydralisk  
  145  10:23  Hydralisk x2  
  145  10:27  Overseer  
  151  10:42  Spore Crawler  
  150  10:45  Zergling x2  
  150  10:48  Hydralisk  
  150  10:49  Hydralisk x7  
  164  10:59  Spore Crawler  
  156  11:06  Hydralisk x6  
  154  11:16  Lurker x4  
  157  11:24  Ultralisk  
  160  11:31  Zergling x4  
  160  11:32  Zergling x12  
  160  11:45  Zergling x20  
  150  11:54  Lurker x5  
  150  11:57  Zergling x2  
  150  11:58  Zergling x4  
  152  12:11  Drone x2  
  156  12:15  Lurker  
  156  12:16  Lurker x2  
  157  12:27  Zergling x8  
  157  12:28  Zergling x4  
Show
View Real Time Build Order
Export as new Build Order

CaliSto Zerg 

Build Orders: Hatch First 

Get SALT Encoding   

  12  0:03  Drone  
  13  0:11  Drone  
  14  0:20  Overlord  
  14  0:29  Extractor  
  14  0:30  Drone  
  15  0:40  Drone x2  
  17  0:48  Drone  
  18  1:06  Drone  
  18  1:10  Hatchery  
  18  1:14  Drone  
  19  1:20  Spawning Pool  
  19  1:22  Drone  
  19  1:31  Extractor  
  19  1:32  Overlord  
  18  1:42  Drone  
  19  1:51  Drone  
  20  2:05  Drone  
  20  2:07  Queen  
  23  2:12  Zergling x2  
  24  2:22  Queen  
  26  2:24  Drone  
  26  2:29  Drone  
  28  2:36  Overlord  
  28  2:37  Metabolic Boost  
  28  2:43  Queen  
  30  2:47  Overlord  
  30  2:48  Drone x2  
  32  2:55  Drone  
  32  2:57  Overlord  
  33  3:12  Zergling x4  
  35  3:19  Zergling x2  
  39  3:20  Zergling x8  
  39  3:26  Overlord  
  40  3:33  Baneling Nest, Zergling x4  
  40  3:34  Zergling x8  
  45  3:45  Drone  
  45  3:46  Drone  
  45  3:47  Zergling x8  
  51  3:58  Drone x2  
  53  4:04  Extractor  
  53  4:05  Lair  
  52  4:10  Drone x4  
  52  4:11  Drone  
  57  4:18  Baneling x4  
  57  4:19  Evolution Chamber  
  56  4:29  Zergling x2  
  56  4:30  Zergling x8  
  56  4:38  Drone  
  47  4:45  Zergling x2  
  47  4:46  Zergling x12  
  47  4:49  Baneling x3  
  51  4:55  Drone  
  52  5:00  Drone x2  
  54  5:08  Baneling x2  
  54  5:21  Drone x2  
  54  5:22  Drone, Extractor  
  54  5:23  Drone x3  
  54  5:24  Roach Warren  
  54  5:26  Zerg Missile Weapons Level 1  
  58  5:36  Overlord x2  
  58  5:49  Overlord x2  
  58  6:03  Roach  
  70  6:04  Roach x8  
  70  6:07  Hatchery  
  75  6:11  Glial Reconstitution  
  75  6:27  Drone  
  75  6:28  Drone x8  
  83  6:37  Drone x3, Extractor  
  83  6:38  Drone x2  
  87  6:46  Drone  
  88  6:53  Baneling  
  88  6:54  Baneling x7  
  88  6:55  Baneling x4  
  88  7:08  Spore Crawler  
  88  7:12  Drone  
  88  7:13  Drone x9  
  95  7:18  Spore Crawler  
  94  7:26  Drone, Spire  
  94  7:27  Drone x3  
  97  7:30  Extractor  
  97  7:31  Extractor  
  97  7:35  Drone x5  
  100  7:38  Roach x2  
  100  7:39  Roach  
  106  7:48  Overlord x2  
  106  7:49  Hatchery  
  105  7:53  Drone  
  106  8:01  Spine Crawler  
  106  8:02  Spine Crawler  
  104  8:08  Overlord x3  
  103  8:20  Zergling x8  
  103  8:21  Zergling x16  
  107  8:41  Mutalisk  
  107  8:42  Mutalisk x8  
  107  8:44  Overseer  
  125  8:49  Drone x4  
  125  8:50  Drone  
  125  8:54  Zergling x6  
  125  8:55  Extractor, Zergling x2  
  121  9:08  Mutalisk x5  
  108  9:18  Extractor  
  108  9:20  Mutalisk x2  
  108  9:21  Overlord x5  
  111  9:30  Extractor  
  111  9:44  Mutalisk  
  111  9:45  Mutalisk x3  
  113  9:51  Roach x3, Zergling x2  
  113  9:52  Roach x2  
  126  9:55  Hatchery, Extractor  
  126  9:57  Zergling x16  
  132  10:05  Roach  
  132  10:06  Roach x6  
  136  10:15  Roach x4  
  136  10:16  Roach x2  
  136  10:20  Drone x2  
  146  10:24  Roach x2  
  146  10:25  Roach  
  152  10:33  Roach x5  
  159  11:01  Roach  
  150  11:06  Roach  
  150  11:07  Roach  
  150  11:08  Roach  
  156  11:13  Queen  
  158  11:24  Roach x3  
  158  11:25  Roach x13, Queen  
  152  11:39  Roach  
  152  11:40  Roach x4, Queen  
  160  11:48  Queen  
  160  11:53  Roach  
  148  11:54  Roach  
  148  11:55  Roach x3  
  148  11:58  Roach  
  142  12:04  Overseer  
  142  12:07  Roach x2  
  142  12:08  Ravager  
  143  12:10  Queen  
  139  12:21  Roach  
  139  12:22  Roach x6  
  146  12:26  Overseer  
  134  12:31  Roach  
Tags
 
Add a new tag
Caveats
  • Supply blocks, unpowered buildings, or Contaminate may cause inaccurate times.
  • Supply counts are checked every 10 seconds.